woodfighter, neutral female human Wizard ----- |...| -------------- |....# |....._......|######---------------- |...|# |............| #|.f............| |.<(|# #.............| #@.......^......| -----# #------|------- ##B|.......d......| # #### # # #|..............| # # # ### #--------+-----|-####### ### # ### # #####################--.-- ---------- #--------# # # # #|*>.| |**)+(*!!| #|......|# ### # # #|...| |.!!?!.=)| #|......-# # # ### #|...| #-..(..?".| #..>....| ## # # ##|...-#######|=..."[!/| -------- ---|---# ---.---- ##|...| ---------- |.....|# |.......###----- # |.....|# |...(..| ######## |......# |......| --.---- -------- # woodfighter the Conjurer Experience level: 3 Strength: 10 Dexterity: 8 Constitution: 10 Intelligence: 15 Wisdom: 19 Charisma: 13 Health: 0(18) Energy: 38(47) Def: 1 Gold: 198 Moves: 1354 Dungeon seed: OK1qLZTXn4UAFWZx Game ID: woodfighter_1454956919 Your Inventory: Coins $ - 198 gold pieces Weapons a - a blessed +1 quarterstaff (weapon in hands) Armor e - an uncursed +0 cloak of magic resistance (being worn) Comestibles h - an uncursed partly eaten apple s - an uncursed fortune cookie Scrolls k - a cursed scroll of blank paper t - a blessed scroll of remove curse w - an uncursed scroll of enchant weapon Spellbooks b - a blessed spellbook of force bolt n - an uncursed spellbook of protection q - an uncursed spellbook of detect monsters u - an uncursed spellbook of extra healing Potions f - an uncursed potion of levitation r - an uncursed potion of invisibility v - an uncursed potion of fruit juice Rings l - an uncursed ring of protection from shape changers m - a blessed +1 ring of increase accuracy Wands d - a wand of nothing (0:5) j - a wand of enlightenment (0:11) Tools c - an uncursed skeleton key Spells and supernatural/magical abilities: Name Level Category Fail Memory a - force bolt 1 attack 0% 94% n - detect monsters 1 divination 0% 94% W - pray for help -- divine ? -- Your skills at the end: Miscellaneous Skills wands [Basic] Weapon Skills quarterstaff [Basic] Spellcasting Skills attack spells [Basic] enchantment spells [Basic] Final Attributes: You were devoutly aligned. You were magic-protected. You are dead. Vanquished creatures: a small mimic a shrieker 2 jackals a fox 4 newts a goblin 2 sewer rats 3 grid bugs a bat 3 lichens 3 kobold zombies 22 creatures vanquished. Voluntary challenges: You were vegetarian. You did not adorn yourself with jewelry or accessories. You used a wielded weapon 23 times, starting on turn 1. You did not apply a unicorn horn. You read items or engraved 2 times, starting on turn 754. You never genocided any monsters. You never polymorphed an object. You never changed form. You used no wishes. You never split a pudding. You never wrote Elbereth's name. You never violated your personal moral code. Dungeon overview: The Dungeons of Doom: levels 1 to 3 Level 1 a fountain a long staircase Level 2 (locked box) a general store Level 3 <- You were here a general store, an altar to Anhur stairs to The Gnomish Mines The Gnomish Mines: Level 4 stairs to The Dungeons of Doom History has recorded: On T:1 you entered the Dungeons of Doom to retrieve the Amulet of Yendor! On T:299 you reached level 2 of The Dungeons of Doom. On T:571 you reached level 3 of The Dungeons of Doom. On T:594 you advanced to experience level 2. On T:1216 you reached level 1 of The Gnomish Mines. On T:1275 you advanced to experience level 3. Score breakdown: Gold: 198 ( 19 points) Experience: 3 levels ( 200 points) Exploration: 4 levels ( 90 points) Discoveries: 2 items ( 100 points) Variety of kills: 11 monsters ( 550 points) Major goal: (nothing yet) ( 0 points) Survival: died (score multiplied by 3) Total score: 2877 Latest messages: m - a blessed tiger eye ring. l - an uncursed wooden ring. j - an uncursed runed wand. c - an uncursed key. A key lands on the altar. The spell misses the giant bat. The giant bat bites! You die... Final status: Goodbye woodfighter the Wizard, killed by a giant bat... You died in The Dungeons of Doom on dungeon level 3 with 2877 points, and 198 pieces of gold, after 1354 moves. You were level 3 with a maximum of 18 hit points when you died.